 Dungeon Crawl Stone Soup version 0.29-a0-72-g1732ff48e7 (webtiles) character file.

Game seed: 210078814984413821

372 HallandMoats the Ruffian (level 6, -2/53 HPs)
             Began as a Ghoul Monk on Feb 4, 2022.
             Was an Elder of Nemelex Xobeh.
             Slain by a gnoll (11 damage)
             ... on level 4 of the Dungeon.
             The game lasted 00:04:53 (3883 turns).

HallandMoats the Ruffian (Ghoul Monk)               Turns: 3883, Time: 00:04:54

Health: -2/53      AC:  2    Str: 17    XL:     6   Next: 71%
Magic:  7/7        EV: 12    Int:  5    God:    Nemelex Xobeh [****..]
Gold:   182        SH:  0    Dex: 11    Spells: 5/5 levels left

rFire   . . .      SeeInvis .     - Unarmed
rCold   + . .      Faith    .   (no shield)
rNeg    + + +      Spirit   .   a - +0 robe
rPois   ∞          Reflect  .   (no helmet)
rElec   .          Harm     .   (no cloak)
rCorr   .          Rampage  .   (no gloves)
Will    .....                   (no boots)
Stlth   ++........              (no amulet)
HPRegen 0.00/turn               (no ring)
MPRegen 0.10/turn               (no ring)

@: inhibited regen
A: claws 1, cold resistance 1, negative energy resistance 3, inhibited
regeneration, torment resistance 2
a: Renounce Religion, Draw Escape, Draw Destruction, Draw Summoning, Triple
Draw, Deal Four


You were on level 4 of the Dungeon.
You worshipped Nemelex Xobeh.
Nemelex Xobeh was greatly pleased with you.
You visited 1 branch of the dungeon, and saw 4 of its levels.

You collected 182 gold pieces.

Inventory:

Armour
 a - a +0 robe (worn)
Scrolls
 b - 3 scrolls of teleportation
 d - a scroll of enchant weapon {unknown}
 i - 2 scrolls of brand weapon {unknown}
 j - a scroll of blinking {unknown}
 k - a scroll of vulnerability {unknown}
 l - a scroll of immolation {unknown}
Potions
 c - a potion of resistance {unknown}
 e - a potion of berserk rage {unknown}
 f - 3 potions of haste {unknown}
 g - 6 potions of curing {unknown}
 h - 2 potions of lignification {unknown}


   Skills:
 * Level 4.6 Fighting
 + Level 1.4 Armour
 + Level 3.3 Dodging
 - Level 2.2 Stealth
 + Level 1.9 Shields
 * Level 4.8 Unarmed Combat
 * Level 3.1 Invocations


You had 5 spell levels left.
You didn't know any spells.
Your spell library contained the following spells:

 Spells                   Type           Power      Damage    Failure   Level
 Apportation              Tloc           0%         N/A       47%         1
 Corpse Rot               Necr/Air       0%         N/A       63%         2
 Poisonous Vapours        Pois/Air       0%         N/A       63%         2
 Ignite Poison            Fire/Tmut/Pois 0%         N/A       85%         3
 Mephitic Cloud           Conj/Pois/Air  0%         N/A       85%         3
 Alistair's Intoxication  Tmut/Pois      0%         N/A       100%        5
 Freezing Cloud           Conj/Ice/Air   0%         6-21      100%        5


Dungeon Overview and Level Annotations

Branches:
Dungeon (4/15)
 Temple: D:4-7

Altars:
Nemelex Xobeh

Shops:
D:4 ?


Innate Abilities, Weirdness & Mutations

You thrive by killing the living.
You are immune to poison.
You have sharp fingernails.
Your flesh is cold resistant. (rC+)
You are immune to negative energy. (rN+++)
You do not regenerate when monsters are visible.
You are immune to unholy pain and torment.


Message History

You are too injured to fight recklessly!
You are too injured to fight recklessly!
You are too injured to fight recklessly!
You are too injured to fight recklessly!
You are too injured to fight recklessly!
You are too injured to fight recklessly!
You are too injured to fight recklessly!
You are too injured to fight recklessly!
You are too injured to fight recklessly!
You are too injured to fight recklessly!
You are too injured to fight recklessly!
You are too injured to fight recklessly!
You are too injured to fight recklessly!
You are too injured to fight recklessly!
You are too injured to fight recklessly!
You are too injured to fight recklessly!
You are too injured to fight recklessly!
You are too injured to fight recklessly!
You are too injured to fight recklessly!
You are too injured to fight recklessly!
You are too injured to fight recklessly!
You are too injured to fight recklessly!
You are too injured to fight recklessly!
You are too injured to fight recklessly!
You are too injured to fight recklessly!
You are too injured to fight recklessly!
You are too injured to fight recklessly!
You scratch the gnoll but do no damage.
The gnoll is moderately wounded.
The gnoll hits you with a +0 whip.
You claw the gnoll!
You kill the gnoll!
You scratch the gnoll but do no damage. The gnoll completely misses you.
You scratch the gnoll but do no damage. The gnoll hits you with a +0 flail!
* * * LOW HITPOINT WARNING * * *
You scratch the gnoll. You claw the gnoll.
The gnoll is moderately wounded.
The gnoll hits you with a +0 flail!
You die...
Your body disappears without a glow.

....##.##......#.#<#.#...
............##.....#.#...
...................#.#...
......>..................
##.......#.........####..
#...................##.#
###...................##.#
...........................
..........@#.......##......
......#####g####....##......
...............'............
...............#....##......
...............#....#.......
...............#....#.......
......#...######....#.....##
..........# ..............##
......)...#................#


You could see a gnoll.

Vanquished Creatures
  A black bear (D:4)
  A howler monkey (D:3)
  An orc priest (D:3)
  An iguana (D:4)
  An orc wizard (D:3)
  2 gnolls (D:4)
  5 adders
  2 worms
  3 dart slugs
  8 orcs
  10 ball pythons
  8 endoplasms
  5 giant cockroaches
  3 goblins
  4 hobgoblins
  6 quokkas
  9 bats
  4 frilled lizards
  5 kobolds
  A rat (D:2)
80 creatures vanquished.

Notes
Turn   | Place    | Note
-------+----------+-------------------------------------------
     0 | D:1      | HallandMoats the Ghoul Monk began the quest for the Orb.
     0 | D:1      | Reached XP level 1. HP: 19/19 MP: 0/0
   167 | D:1      | Reached XP level 2. HP: 18/26 MP: 1/1
   673 | D:1      | Found a faded altar of an unknown god.
   689 | D:1      | Reached skill level 1 in Invocations
   699 | D:1      | Prayed at the altar of an unknown god.
   699 | D:1      | Became a worshipper of Nemelex Xobeh the Trickster
   699 | D:1      | Reached * piety under Nemelex Xobeh
   699 | D:1      | Received a gift from Nemelex Xobeh
   699 | D:1      | Reached ** piety under Nemelex Xobeh
   699 | D:1      | Received a gift from Nemelex Xobeh
   710 | D:1      | Reached XP level 3. HP: 26/31 MP: 2/2
   977 | D:2      | Reached *** piety under Nemelex Xobeh
  1302 | D:2      | Received a gift from Nemelex Xobeh
  1924 | D:3      | Reached skill level 1 in Shields
  1924 | D:3      | Reached XP level 4. HP: 40/40 MP: 4/4
  2368 | D:3      | Reached XP level 5. HP: 40/46 MP: 5/5
  2507 | D:3      | Reached skill level 1 in Armour
  3053 | D:3      | Reached **** piety under Nemelex Xobeh
  3521 | D:4      | Reached XP level 6. HP: 51/53 MP: 6/6
  3557 | D:4      | Received a gift from Nemelex Xobeh
  3750 | D:4      | Received a gift from Nemelex Xobeh
  3776 | D:4      | Noticed a black bear
  3784 | D:4      | Killed a black bear
  3860 | D:4      | Found Zitwuffo's Magic Scroll Shop.
  3883 | D:4      | Slain by a gnoll

Illustrated notes

Levels and vault maps discovered:
D:1:      minmay_arrival_open_corners, layout_rooms,
          hellmonk_ecumenical_altar_lost_god, kennysheep_doodads,
          chequers_serial_rivers_micro_d, lemuel_old_faithful
D:2:      layout_basic
D:3:      layout_basic
D:4:      layout_basic, serial_shops, shop, serial_bayou_crossing

Skill      XL: |  1  2  3  4  5  6 |
---------------+-------------------+-----
Invocations    | 1 2 3 |  3.1
Shields        | 1 |  1.9
Unarmed Combat | 4 |  4.8
Dodging        | 3 |  3.3
Fighting       | 4 |  4.6
Armour         | 1 |  1.4
Stealth        | |  2.2

Action                   |  1- 3 |  4- 6 || total
-------------------------+-------+-------++-------
Melee: Unarmed           |    89 |   173 ||   262
       Punch             |       |     6 ||     6
  Use: Scroll            |     2 |       ||     2
 Stab: Sleeping          |     6 |     4 ||    10
       Distracted        |       |     1 ||     1
Armor: Robe              |    22 |    21 ||    43
Dodge: Dodged            |    38 |   125 ||   163

Table legend: (Time is in decaauts)
 A = Elapsed time spent in this place.
 B = Non-inter-level travel time spent in this place.
 C = Inter-level travel time spent in this place.
 D = Time resting spent in this place.
 E = Time spent auto-exploring this place.
 F = Levels seen in this place.
 G = Mean time per level.
                   A        B        C        D        E       F      G
               +--------+--------+--------+--------+--------+-----+--------+
         Total |   3861 |   3809 |     52 |      0 |   3191 |   4 |  965.2 |
       Dungeon |   3861 |   3809 |     52 |      0 |   3191 |   4 |  965.2 |
               +--------+--------+--------+--------+--------+-----+--------+

Top non-repeatable levels by time:
     D:3: 1563 daAuts
     D:1: 969 daAuts
     D:2: 928 daAuts
     D:4: 400 daAuts
